 Dungeon Crawl Stone Soup version 0.19-a0-1608-g4cf22de (webtiles) character file.

23 jacquesderrida the Charmwright (level 3, -1/18 HPs)
             Began as a Vine Stalker Skald on Sept 16, 2016.
             Was an Initiate of Ashenzari.
             Killed by divine providence
             ... invoked by an orc priest
              (9 damage)
             ... on level 4 of the Dungeon on Sept 17, 2016.
             The game lasted 00:04:06 (507 turns).

jacquesderrida the Charmwright (Vine Stalker Skald)  Turns: 507, Time: 00:04:07

Health: -1/18      AC:  6    Str: 14    XL:     3   Next: 0%
Magic:  0/7        EV: 10    Int: 13    God:    Ashenzari [......]
Gold:   27         SH:  0    Dex: 13    Spells: 1 memorised, 5 levels left

rFire  . . .     SeeInvis .     a - +0 falchion
rCold  . . .     Gourm    .     i - +0 ring mail
rNeg   . . .     Faith    .     (no shield)
rPois  .         Spirit   +     (no helmet)
rElec  .         Dismiss  .     (no cloak)
rCorr  .         Reflect  .     n - +0 pair of gloves (curse)
MR     .....     Harm     .     (no boots)
Stlth  +.........               (no amulet)
                                (no ring)
                                (no ring)

@: very slightly contaminated
A: fangs 2, magic shield, antimagic bite, no device heal 3, rot immunity
a: Curse Item, Renounce Religion


You were on level 4 of the Dungeon.
You worshipped Ashenzari.
Ashenzari was noncommittal.
You were not hungry.

You visited 1 branch of the dungeon, and saw 4 of its levels.

You collected 27 gold pieces.

Inventory:

Hand Weapons
 a - a +0 falchion (weapon)
Missiles
 e - 19 poisoned needles
Armour
 b - a +0 leather armour
 i - a +0 ring mail (worn)
 n - a cursed +0 pair of gloves (worn)
Books
 c - a book of Battle

   Spells                             Type                      Level
   a - Infusion                       Charms                       1
   b - Shroud of Golubria             Charms/Translocation         2
   c - Song of Slaying                Charms                       2
   d - Spectral Weapon                Hexes/Charms                 3
   e - Regeneration                   Charms/Necromancy            3
Comestibles
 d - 2 bread rations
 g - 2 fruits


   Skills:
 - Level 1.7 Fighting
 + Level 3.0 Long Blades
 - Level 0.7 Armour
 - Level 0.7 Dodging
 - Level 2.1 Spellcasting
 - Level 3.0 Charms


You had 5 spell levels left.
You knew the following spells:

 Your Spells              Type           Power        Failure   Level  Hunger
a - Infusion              Chrm           #...         17%         1    ##.....


Dungeon Overview and Level Annotations

Branches:
Dungeon (4/15)             Temple (0/1) D:4

Altars:
Ashenzari
Cheibriados
Ru
The Shining One

Annotations:
D:4 Torious's ghost, amateur DECj


Innate Abilities, Weirdness & Mutations

You have extremely sharp teeth.
When hurt, damage is shared between your health and your magic reserves.
Your bite disrupts and absorbs the magic of your enemies.
Potions and wands cannot restore your health.
You are immune to rotting.


Message History

An orc comes into view. It is wielding a club.
The orc shouts!
The orc priest casts a cantrip, but nothing happens.
Okay, then.
You aren't carrying any potions.
You see here an uncursed spear.
An iguana comes into view.
The iguana hisses angrily.
As you read the scroll labeled BISIRUI BEPI, it crumbles to dust.
It is a scroll of identify.
You don't have any unidentified items.
You aren't carrying any potions.
Unknown command.
The orc priest hits you but does no damage.
You hit the orc priest.
The orc priest is moderately wounded.
The orc priest calls down the wrath of Beogh upon you.
Beogh smites you!
Ouch! That really hurt!
You die...

## ########### .
...l......#
########..# #@## #o#
####o# ## ##.)..# ..
#####..#### ##
...#.#########
#.#.[.......#
##########.........<.#
#..........#.........#


You could see an orc priest and an orc.

Vanquished Creatures
  2 leopard geckos
  3 orcs (D:3)
  A bat (D:1)
  2 jackals (D:1)
  A frilled lizard (D:3)
  2 goblins (D:3)
  2 kobolds
  6 rats
19 creatures vanquished.

Notes
Turn   | Place    | Note
-------+----------+-------------------------------------------
     0 | D:1      | jacquesderrida the Vine Stalker Skald began the quest for the Orb.
     0 | D:1      | Reached XP level 1. HP: 11/11 MP: 4/4
   123 | D:1      | Upgraded the game from 0.19-a0-1587-gaef70b6 to 0.19-a0-1608-g4cf22de
   140 | D:1      | Reached XP level 2. HP: 15/15 MP: 6/6
   225 | D:3      | Found a shattered altar of Ashenzari.
   233 | D:3      | Became a worshipper of Ashenzari the Shackled
   245 | D:3      | Found a faded altar of an unknown god.
   335 | D:4      | Found a glowing golden altar of the Shining One.
   336 | D:4      | Found a sacrificial altar of Ru.
   336 | D:4      | Found a snail-covered altar of Cheibriados.
   352 | D:4      | Found a staircase to the Ecumenical Temple.
   354 | D:4      | Noticed Torious's ghost (amateur DECj)
   387 | D:3      | Reached XP level 3. HP: 2/18 MP: 3/7
   507 | D:4      | Killed from afar by an orc priest

Vault maps used:
D:1:      dpeg_arrival_round_b
D:3:      evilmike_ruin_ashenzari, ecumenical_altar_1,
          kennysheep_generic_room_2, uniq_iyjb
D:4:      nicolae_overflow_quartered_altars, nemelex_xobeh_ov_fountains_minmay

Skill      XL: |  1  2 |
---------------+-------+-----
Long Blades    | 2 3 |  3.0
Fighting       | |  1.7
Armour         | |  0.7
Dodging        | |  0.7
Spellcasting   | |  2.1
Charms         | |  3.0

Action                   || total
-------------------------++-------
Melee: Falchion          ||    63
       Bite              ||    15
  Use: Potion            ||     1
       Scroll            ||     6
Armor: Leather armour    ||    12
       Ring mail         ||     5
Dodge: Dodged            ||    25
